 Dungeon Crawl Stone Soup version 0.23.2-1-ga50397a6bc (webtiles) character file.

Game seed: 289868944956645224

158 Dotsi the Digger (level 5, 0/30 HPs)
             Began as a Gargoyle Earth Elementalist on Apr 24, 2019.
             Slain by an orc wizard
             ... wielding a +0 dagger
              (1 damage)
             ... on level 3 of the Dungeon.
             The game lasted 00:05:50 (3315 turns).

Dotsi the Digger (Gargoyle Earth Elementalist)      Turns: 3315, Time: 00:05:51

Health: 0/30       AC:  9    Str: 12    XL:     5   Next: 39%
Magic:  9/9        EV: 10    Int: 16    God:
Gold:   109        SH:  0    Dex: 10    Spells: 5/9 levels left

rFire    . . .     SeeInvis .   g - +0 dagger (curse)
rCold    . . .     Gourm    .   (no shield)
rNeg     + . .     Faith    .   j - +0 ring mail
rPois    ∞         Spirit   .   (no helmet)
rElec    +         Reflect  .   (no cloak)
rCorr    .         Harm     .   (no gloves)
MR       .....                  (no boots)
Stlth    ..........             (no amulet)
HPRegen  0.10/turn              h - ring of wizardry
MPRegen  0.11/turn              (no ring)

@: confused
A: negative energy resistance 1, electricity resistance, unbreathing,
petrification resistance, rot immunity, AC +4
a: no special abilities


You were on level 3 of the Dungeon.
You were not hungry.

You visited 1 branch of the dungeon, and saw 3 of its levels.

You collected 109 gold pieces.

Inventory:

Hand Weapons
 g - a cursed +0 dagger (weapon)
 l - a +1 dagger of venom
 p - a +0 mace
 u - a +0 flail
Missiles
 b - 25 stones (quivered)
 r - 24 bolts
Armour
 j - a +0 ring mail (worn)
Jewellery
 h - a ring of wizardry (left hand)
Wands
 m - a wand of flame (20)
Scrolls
 c - a scroll of noise {unknown}
 e - a scroll of remove curse {unknown}
 f - a scroll of immolation {unknown}
 k - a scroll of random uselessness {unknown}
 q - a scroll of identify
 s - a scroll of amnesia {unknown}
 t - 2 scrolls of teleportation {unknown}
Potions
 a - a potion of flight
Comestibles
 d - 3 rations
 o - a chunk of flesh


   Skills:
 + Level 2.1 Fighting
 + Level 2.2 Armour
 - Level 2.0 Dodging
 - Level 2.1 Stealth
 + Level 2.8 Spellcasting
 + Level 1.3 Conjurations
   Level 0.7 Transmutations
 + Level 4.5 Earth Magic


You had 5 spell levels left.
You knew the following spells:

 Your Spells              Type           Power        Failure   Level  Hunger
a - Sandblast             Erth           ###...       2%          1    #......
b - Stone Arrow           Conj/Erth      ##....       16%         3    ###....

Your spell library contained the following spells:

 Spells                   Type           Power        Failure   Level  Hunger
 Passwall                 Tmut/Erth      ##......     9%          2    ##.....
 Petrify                  Tmut/Erth      ##......     47%         4    #####..
 Lee's Rapid Deconstruct  Erth           ###.......   56%         5    ######.


Dungeon Overview and Level Annotations

Branches:
Dungeon (3/15)

Altars:
Nemelex Xobeh


Innate Abilities, Weirdness & Mutations

You are resistant to torment.
Your stone body is resilient. (AC +4)
You are immune to poison.
You resist negative energy. (rN+)
You are resistant to electric shocks. (rElec)
You can survive without breathing.
You are immune to petrification.
You are immune to rotting.


Message History

You hear some strange, mumbled words.
You are more confused.
Unknown command.
Okay, then.
You hear some strange, mumbled words.
A puff of flame appears from out of thin air!
The puff of flame hits you.
* * * LOW HITPOINT WARNING * * *
You hear some strange, mumbled words.
You are more confused.
Unknown command.
Something hits you.
* * * LOW HITPOINT WARNING * * *
You're too confused!
Unknown command.
Something hits you but does no damage.
Okay, then.
Unknown command.
You're too confused to move!
Something hits you.
You die...

#....# #.............#
.....# #.............#
.....# ####....#######
.....# +....#.....## .....#
#...........## .....#
#####............# [.[<.#
#................# ..)..#
#......{.........# ..####
#......@.........#
#....#####................#
........÷.................#
######...................##
#...........##.....##
#..........#########
#..........# #..........#
############


There were no monsters in sight!

Vanquished Creatures
  An orc priest (D:3)
  An orc wizard (D:3)
  A worker ant (D:2)
  2 adders (D:2)
  An ooze (D:2)
  2 leopard geckos
  8 orcs
  5 bats
  3 giant cockroaches
  7 hobgoblins
  2 quokkas
  8 goblins
  2 kobolds
  4 rats
47 creatures vanquished.

Notes
Turn   | Place    | Note
-------+----------+-------------------------------------------
     0 | D:1      | Dotsi the Gargoyle Earth Elementalist began the quest for
                  | the Orb.
     0 | D:1      | Reached XP level 1. HP: 10/10 MP: 3/3
   438 | D:1      | Reached XP level 2. HP: 16/16 MP: 1/5
  1480 | D:2      | Reached skill level 1 in Fighting
  1480 | D:2      | Reached skill level 1 in Armour
  1480 | D:2      | Reached XP level 3. HP: 20/20 MP: 3/6
  1564 | D:2      | Found a sparkling altar of Nemelex Xobeh.
  1608 | D:2      | Reached skill level 4 in Earth Magic
  2005 | D:2      | Noticed an orc warrior
  2335 | D:2      | Reached XP level 4. HP: 24/25 MP: 7/7
  2441 | D:2      | Learned a level 3 spell: Stone Arrow
  3081 | D:3      | Reached skill level 1 in Conjurations
  3081 | D:3      | Reached XP level 5. HP: 28/30 MP: 3/9
  3312 | D:3      | HP: 1/30 [something (1)]
  3315 | D:3      | Slain by an orc wizard

Skill      XL: |  1  2  3  4 |
---------------+-------------+-----
Fighting       | 1 2 |  2.1
Armour         | 1 2 |  2.2
Dodging        | 2 |  2.0
Earth Magic    | 4 |  4.5
Conjurations   | 1 |  1.3
Stealth        | |  2.1
Spellcasting   | |  2.8
Transmutations | |  0.7

Action                   |  1- 3 |  4- 6 || total
-------------------------+-------+-------++-------
Melee: Dagger            |   110 |    77 ||   187
 Cast: Sandblast         |    17 |    37 ||    54
  Use: Scroll            |     2 |       ||     2
       Potion            |       |     2 ||     2
 Stab: Sleeping          |     1 |       ||     1
  Eat: Chunk             |     5 |     3 ||     8
Armor: Robe              |     7 |       ||     7
       Ring mail         |    39 |    66 ||   105
Dodge: Dodged            |    61 |    41 ||   102
